 Dungeon Crawl Stone Soup version 0.16-a0-3086-ga63ba9b (webtiles) character file.

8701 Malachi the Covert (level 11, -6/53 HPs)
             Began as a Vine Stalker Enchanter on Dec 11, 2014.
             Was a High Priest of Makhleb.
             Killed from afar by an electric eel (9 damage)
             ... with a bolt of electricity
             ... on level 10 of the Dungeon.
             The game lasted 00:30:05 (9078 turns).

Malachi the Covert (Vine Stalker Enchanter)         Turns: 9078, Time: 00:30:05

Health: -6/53      AC:  8    Str: 10    XL:     11   Next: 35%
Magic:  0/27       EV: 18    Int: 18    God:    Makhleb [*****.]
Gold:   801        SH:  0    Dex: 19    Spells: 4 memorised, 14 levels left

rFire  . . .     SeeInvis .     p - +2 dagger (drain) (curse)
rCold  . . .     Clarity  .     b - +1 robe (curse)
rNeg   . . .     SustAb   .     (no shield)
rPois  .         Gourm    .     (no helmet)
rElec  .         Spirit   +     s - +2 cloak
rCorr  .         Warding  .     q - +1 pair of gloves
rMut   .         Stasis   .     (no boots)
MR     ++...                    (no amulet)
Stlth  ++++++....               A - +3 ring of dexterity
                                r - ring of protection from magic

@: very resistant to hostile enchantments, very stealthy
A: fangs 3, regeneration 2, magic shield, antimagic bite, no device heal 3, rot
immunity
a: Minor Destruction, Lesser Servant of Makhleb, Major Destruction, Greater
Servant of Makhleb, Renounce Religion


You were on level 10 of the Dungeon.
You worshipped Makhleb.
Makhleb was extremely pleased with you.
You were hungry.

You visited 1 branch of the dungeon, and saw 10 of its levels.
You also visited: Sewer.

You collected 801 gold pieces.

Inventory:

Hand weapons
 m - a +1 dagger of flaming
 p - a cursed +2 dagger of draining (weapon)
 y - a +2 whip of electrocution
Missiles
 x - 6 poisoned needles
Armour
 b - a cursed +1 robe (worn)
 q - a +1 pair of gloves (worn)
 s - a +2 cloak (worn)
Jewellery
 r - a ring of protection from magic (left hand)
 A - a +3 ring of dexterity (right hand)
 B - an uncursed ring of fire
 J - an uncursed ring of fire
 K - an uncursed amulet of the gourmand {unknown}
Magical devices
 o - a wand of magic darts (32)
 z - a wand of enslavement (12)
Scrolls
 l - 2 scrolls of enchant armour
 w - 2 scrolls of fear
 C - 2 scrolls of teleportation
 F - a scroll of magic mapping
 H - a scroll of blinking
Potions
 e - a potion of cure mutation {unknown}
 f - 6 potions of curing
 g - 2 potions of brilliance
 h - 3 potions of magic
 j - a potion of agility {unknown}
 n - 3 potions of heal wounds {unknown}
 t - a potion of mutation {unknown}
 u - a potion of cancellation {unknown}
 v - a potion of invisibility {unknown}
 D - 2 potions of might {unknown}
 E - a potion of restore abilities {unknown}
 G - a potion of haste {unknown}
Books
 a - Sif Muna's Guide on Confrontation
   (You found it on level 8 of the Dungeon)

   Spells                             Type                      Level
   a - Flame Tongue                   Conjuration/Fire             1
 c - a book of Maledictions

   Spells                             Type                      Level
   a - Corona                         Hexes                        1
   b - Sure Blade                     Hexes/Charms                 2
   c - Ensorcelled Hibernation        Hexes/Ice                    2
   d - Confuse                        Hexes                        3
   e - Dazzling Spray                 Conjuration/Hexes            3
   f - Enslavement                    Hexes                        4
 I - a book of Unlife

   Spells                             Type                      Level
   a - Recall                         Summoning/Translocation      3
   b - Animate Dead                   Necromancy                   4
   c - Control Undead                 Necromancy                   4
   d - Cigotuvi's Embrace             Necromancy                   5
   e - Death Channel                  Necromancy                   6
   f - Simulacrum                     Ice/Necromancy               6
Comestibles
 d - 7 bread rations
 i - 2 chunks of flesh
 k - a slice of pizza


   Skills:
 + Level 3.8 Fighting
 + Level 4.2 Short Blades
 + Level 7.8 Dodging
 * Level 13.1 Stealth
 + Level 6.5 Spellcasting
 + Level 1.3 Conjurations
 + Level 6.0 Hexes
 + Level 2.6 Ice Magic


You had 14 spell levels left.
You knew the following spells:

 Your Spells              Type           Power        Failure   Level  Hunger
a - Corona                Hex            ####...      1%          1    None
b - Ensorcelled Hibernat  Hex/Ice        ###...       3%          2    None
c - Confuse               Hex            ####....     2%          3    ##.....
d - Dazzling Spray        Conj/Hex       ###.....     10%         3    ##.....


Dungeon Overview and Level Annotations

Branches:
Dungeon (10/15)            Temple (0/1) D:6
   Lair: D:8-11         Orc: D:9-12

Altars:
Dithmenos
Gozag
Makhleb
Nemelex Xobeh
Qazlal
Ru
Sif Muna
Vehumet

Shops:
D:5 :   D:6 (


Innate Abilities, Weirdness & Mutations

You have razor-sharp teeth.
You heal very quickly.
When hurt, damage is shared between your health and your magic reserves.
Your bite disrupts and absorbs the magic of your enemies.
Potions and wands cannot restore your health.
You are immune to rotting.


Message History

The bolt of electricity hits you!
* * * LOW HITPOINT WARNING * * *
The electric eel shoots out a bolt of lightning at you!
The bolt of electricity misses you.
The electric eel shoots out a bolt of lightning at you!
The bolt of electricity hits the plant.
The bolt of electricity hits you!
* * * LOW HITPOINT WARNING * * *
The centaur wields a shortbow.
The centaur shoots an arrow.
The arrow closely misses you.
The electric eel shoots out a bolt of lightning at you!
The bolt of electricity hits the plant. x2
The bolt of electricity misses you.
The centaur shoots an arrow.
The arrow completely misses you.
You see here 13 gold pieces.
You now have 801 gold pieces (gained 13).
The centaur shoots an arrow.
The arrow closely misses you.
The electric eel shoots out a bolt of lightning at you!
The bolt of electricity hits the plant. x2
The bolt of electricity hits you!
You die...

### ..# ..# #######
####### ..#
#.....♣♣♣.(...#
..#####....♣≈♣♣≈@...#
..##..'...≈♣P≈≈≈♣...#
..'..##..♣≈≈≈≈≈P♣...+
..#####..♣≈PP≈≈P≈≈..#
..# ##♣≈P♣≈≈♣≈≈≈♣##
..# ♣♣≈≈≈≈≈≈≈Pc≈##
### ♣≈≈≈≈≈≈≈;≈;≈≈# ##
♣≈≈PP≈≈≈♣≈♣≈≈.# .#
♣≈P≈≈≈≈≈≈P≈≈.# #


You could see a centaur and 2 electric eels.

Vanquished Creatures
  The ghost of bullock the Destroyer, an experienced OpWz (D:8)
  The ghost of braks the Basher, an experienced OgWr of Ashenzari (D:6)
  A hill giant (D:10)
  Erolcha (D:8)
  An ugly thing (D:7)
  Psyche (D:8)
  A wraith (D:6)
  A yak (D:7)
  The ghost of gabygaby the Sneak, an average SpEn of Fedhas (D:4)
  A deep elf mage (D:9)
  2 wyverns
  3 water moccasins
  A spider (shapeshifter) (D:7)
  3 orc warriors
  4 ogres
  A phantom (D:7)
  An ice beast (D:6)
  3 sky beasts
  8 necrophages
  2 centaurs
  Blork the orc (D:8)
  4 giant frogs
  A big kobold (D:7)
  5 scorpions
  A water moccasin zombie (D:9)
  2 water moccasin skeletons
  3 wights (D:9)
  3 jellies
  A goliath beetle (D:6)
  3 electric eels (D:10)
  4 crimson imps
  A centaur zombie (D:6)
  2 centaur skeletons
  A giant frog skeleton (D:8)
  2 quasits
  4 hounds
  4 iguanas
  13 orc wizards
  A gnoll shaman (D:3)
  3 orc priests
  7 worker ants
  A hound zombie (D:9)
  13 gnolls
  A hound skeleton (D:7)
  2 mummies (D:9)
  12 adders
  A giant mite (D:6)
  A shadow imp (D:8)
  A worm (D:4)
  2 adder zombies
  3 adder skeletons
  2 giant geckos
  An ooze (D:5)
  26 orcs
  2 bat skeletons (D:4)
  9 hobgoblins
  9 jackals
  19 kobolds
  5 quokkas
  2 ball pythons (Sewer)
  9 bats
  8 giant cockroaches
  12 giant newts
  A giant spore (D:7)
  11 goblins
  A jackal skeleton (D:7)
  2 jackal zombies (D:5)
  2 quokka skeletons
  A quokka zombie (D:6)
  13 rats
  7 ballistomycetes (D:7)
283 creatures vanquished.

Vanquished Creatures (others)
  A giant spore (D:7)
  4 plants
5 creatures vanquished.

Grand Total: 288 creatures vanquished

Notes
Turn   | Place    | Note
--------------------------------------------------------------
     0 | D:1      | Malachi, the Vine Stalker Enchanter, began the quest for the Orb.
     0 | D:1      | Reached XP level 1. HP: 9/9 MP: 3/3
   193 | D:1      | Reached XP level 2. HP: 11/13 MP: 6/6
   302 | D:1      | Learned a level 2 spell: Ensorcelled Hibernation
   316 | D:1      | Reached skill level 4 in Stealth
   885 | D:2      | Found a sacrificial altar of Ru.
   896 | D:2      | Reached skill level 1 in Short Blades
   896 | D:2      | Reached XP level 3. HP: 16/16 MP: 2/7
  1199 | D:2      | Found an opulent altar of Gozag.
  1733 | D:3      | Reached XP level 4. HP: 18/21 MP: 7/9
  2239 | D:4      | Noticed gabygaby's ghost (average SpEn)
  2552 | D:4      | Reached XP level 5. HP: 25/25 MP: 11/11
  2589 | D:4      | Found a stormy altar of Qazlal.
  2592 | D:4      | Noticed an air elemental
  2592 | D:4      | Noticed a fire elemental
  2593 | D:4      | Noticed an earth elemental
  2593 | D:4      | Noticed a water elemental
  2620 | D:4      | Reached skill level 1 in Fighting
  2622 | D:4      | Reached skill level 5 in Stealth
  2650 | D:5      | Entered Level 5 of the Dungeon
  2675 | D:5      | Found a burning altar of Makhleb.
  2684 | D:5      | Found a sparkling altar of Nemelex Xobeh.
  2692 | D:5      | Became a worshipper of Makhleb the Destroyer
  2735 | D:5      | Gained mutation: You heal very quickly. [vine stalker growth]
  2735 | D:5      | Reached XP level 6. HP: 13/30 MP: 13/13
  2752 | D:5      | Noticed a sky beast
  2763 | D:5      | Killed a sky beast
  2763 | D:5      | Reached skill level 1 in Ice Magic
  2942 | D:5      | Learned a level 3 spell: Confuse
  2946 | D:5      | Learned a level 3 spell: Dazzling Spray
  3004 | D:5      | Found Kuneaph's Book Shop.
  3041 | D:5      | Noticed an ogre
  3055 | D:5      | Killed an ogre
  3055 | D:5      | Reached XP level 7. HP: 28/33 MP: 11/16
  3243 | D:5      | Noticed a centaur
  3256 | D:5      | Killed a centaur
  3292 | D:4      | Acquired Makhleb's first power
  3294 | D:4      | Reached skill level 6 in Stealth
  3314 | D:4      | Noticed an ogre
  3330 | D:4      | Killed an ogre
  3415 | D:4      | Killed gabygaby's ghost
  3415 | D:4      | Gained mutation: You have razor-sharp teeth. [vine stalker growth]
  3415 | D:4      | Reached XP level 8. HP: 37/39 MP: 15/19
  3735 | D:4      | Reached skill level 7 in Stealth
  3860 | D:6      | Found Kliss' Weapon Boutique.
  3891 | D:6      | Acquired Makhleb's second power
  3891 | D:6      | Reached skill level 5 in Dodging
  4096 | D:6      | Reached skill level 8 in Stealth
  4135 | D:6      | Noticed braks' ghost (experienced OgWr)
  4180 | D:6      | Killed braks' ghost
  4180 | D:6      | Reached skill level 9 in Stealth
  4180 | D:6      | Reached XP level 9. HP: 43/43 MP: 7/21
  4262 | D:6      | Found a staircase to the Ecumenical Temple.
  4530 | D:6      | Found a glowing drain.
  4544 | Sewer    | Entered a sewer
  4668 | Sewer    | Acquired Makhleb's third power
  5395 | D:7      | Reached skill level 10 in Stealth
  5525 | D:7      | Found a shadowy altar of Dithmenos.
  5678 | D:7      | You fall through a shaft for 2 floors!
  5703 | D:8      | Noticed bullock's ghost (experienced OpWz)
  5731 | D:7      | Noticed a cyan ugly thing
  5754 | D:7      | Killed a cyan ugly thing
  5754 | D:7      | Reached skill level 5 in Spellcasting
  5754 | D:7      | Reached skill level 5 in Hexes
  5805 | D:7      | Reached XP level 10. HP: 45/48 MP: 17/23
  5861 | D:7      | Acquired Makhleb's fourth power
  6000 | D:8      | Noticed Psyche
  6015 | D:8      | Killed Psyche
  6015 | D:8      | Reached skill level 11 in Stealth
  6304 | D:8      | Noticed Erolcha
  6307 | D:8      | Killed Erolcha
  6440 | D:8      | Found a deep blue altar of Sif Muna.
  6457 | D:8      | Identified Sif Muna's Guide on Confrontation
  6671 | D:8      | Killed bullock's ghost
  6671 | D:8      | Reached skill level 12 in Stealth
  6696 | D:8      | Noticed Blork the orc
  6713 | D:8      | Killed Blork the orc
  7382 | D:9      | Acquired Makhleb's fifth power
  7620 | D:9      | Reached XP level 11. HP: 9/52 MP: 0/26
  7702 | D:9      | Found a radiant altar of Vehumet.
  8036 | D:9      | Reached skill level 1 in Conjurations
  8069 | D:9      | Reached skill level 13 in Stealth
  8537 | D:10     | Entered Level 10 of the Dungeon
  8773 | D:10     | Noticed a hill giant
  8786 | D:10     | Killed a hill giant
  9076 | D:10     | HP: 2/53 [electric eel/bolt of electricity (9)]
  9078 | D:10     | Killed from afar by an electric eel

Action                   |  1- 3 |  4- 6 |  7- 9 | 10-12 || total
-------------------------+-------+-------+-------+-------++-------
Melee: Dagger            |   130 |   189 |   496 |   412 ||  1227
 Cast: Corona            |     6 |       |       |       ||     6
       Ensorcelled Hiber |     5 |    11 |     9 |    15 ||    40
       Confuse           |       |       |    18 |    17 ||    35
       Dazzling Spray    |       |       |     2 |    14 ||    16
Evoke: Wand              |       |       |       |     2 ||     2
  Use: Scroll            |     6 |     1 |     5 |     7 ||    19
       Potion            |       |       |       |     1 ||     1
 Stab: Sleeping          |     9 |     7 |    18 |    27 ||    61
       Confused          |       |       |    12 |    11 ||    23
       Invisible         |       |       |       |     3 ||     3
       Distracted        |       |       |       |     1 ||     1
  Eat: Chunk             |     1 |     5 |     7 |     8 ||    21
       Pizza             |     1 |       |     1 |       ||     2
       Meat ration       |       |       |     1 |       ||     1
       Beef jerky        |       |       |       |     2 ||     2
